 Dungeon Crawl Stone Soup version 0.30.1-11-g7821555f0a (webtiles) character file.

Game seed: 8560231321087013598

849 pkoi the Chiller (level 7, -1/50 HPs)
             Began as a Pale Draconian Ice Elementalist on Nov 19, 2023.
             Slain by an ice beast (12 damage)
             ... on level 5 of the Dungeon.
             The game lasted 00:10:03 (5074 turns).

pkoi the Chiller (Pale Draconian Ice Elementalist)  Turns: 5074, Time: 00:10:04

Health: -1/50      AC: 14    Str: 10    XL:     7   Next: 69%
Magic:  8/11       EV: 12    Int: 18    God:
Gold:   107        SH:  0    Dex: 11    Spells: 4/11 levels left

rFire   . . .        i - +4 whip
rCold   . . .        (no shield)
rNeg    . . .        (body armour unavailable)
rPois   +            (helmet restricted)
rElec   .            (no cloak)
rCorr   .            x - +0 pair of gloves
SInv    .            (no boots)
Will    .....        (no amulet)
Stlth   ++           h - ring of poison resistance
HPRegen 0.28/turn    (no ring)
MPRegen 0.12/turn

%: no passive effects
@: ice-armoured, short of breath, slowed, very slow
A: breathe steam, AC +6, unfitting armour, cold-blooded, steam resistance
a: Breathe Steam


You were on level 5 of the Dungeon.
You visited 1 branch of the dungeon, and saw 5 of its levels.
You also visited: Sewer.

You collected 266 gold pieces.
You spent 159 gold pieces at shops.

Inventory:

Hand Weapons
 i - a +4 whip (weapon)
 w - the +2 sling "Neepo" {freeze, rN+ Str+3}
   (You bought it in a shop on level 1 of the Dungeon)

   Str:       It affects your strength (+3).
   rN:        It protects you from negative energy.
Missiles
 s - 13 poisoned darts
Armour
 x - a +0 pair of gloves (worn)
Jewellery
 h - a ring of poison resistance (left hand)
 r - an amulet of the acrobat
Wands
 b - a wand of charming (2)
Scrolls
 m - a scroll of fear
 p - 2 scrolls of teleportation
 v - a scroll of enchant weapon
Potions
 a - a potion of magic
 c - 2 potions of degeneration {unknown}
 e - a potion of heal wounds
 g - 2 potions of berserk rage
 j - a potion of flight {unknown}
 k - 2 potions of ambrosia {unknown}
 l - a potion of cancellation {unknown}
 n - 4 potions of curing
 o - 3 potions of invisibility {unknown}
 q - a potion of brilliance {unknown}
 t - 2 potions of might {unknown}
 u - a potion of resistance {unknown}


   Skills:
 + Level 4.4 Ranged Weapons
 - Level 1.7 Dodging
 - Level 1.7 Stealth
 + Level 2.9 Spellcasting
 + Level 7.8 Ice Magic


You had 4 spell levels left.
You knew the following spells:

 Your Spells              Type           Power      Damage    Failure   Level
a - Freeze                Ice            100%       1d10      1%          1
b - Frozen Ramparts       Ice            60%        1d10      1%          3
c - Ozocubu's Armour      Ice            30%        N/A       1%          3

Your spell library contained the following spells:

 Spells                   Type           Power      Damage    Failure   Level
 Cigotuvi's Dreadful Rot  Necr/Pois/Air  4%         N/A       26%         2
 Summon Ice Beast         Ice/Summ       16%        N/A       32%         4
 Dispel Undead            Necr           2%         3d7       86%         4
 Death Channel            Necr           1%         N/A       100%        6


Dungeon Overview and Level Annotations

Branches:
Dungeon (5/15)              Sewer (visited)
 Temple: D:4-7

Altars:

Shops:
D:1 (   D:2 !   D:4 *


Innate Abilities, Weirdness & Mutations

You can breathe blasts of scalding, opaque steam.
Your pale cyan-grey scales are hard. (AC +6)
You cannot fit into any form of body armour.
You are cold-blooded and may be slowed by cold attacks.
You are immune to the effects of steam.


Message History

Fire: w) +2 sling "Neepo" {freeze, rN+ Str+3}
Press: ? - help, Q - select action, (/) - cycle Shift-Dir - straight line, f/p - ice beast
Aim: an ice beast (heavily wounded, 57% to hit)
You shoot a sling bullet.
The sling bullet hits the ice beast but does no damage.
The ice beast is heavily wounded.
The ice beast completely misses you.
Unknown command.
Unknown command.
The +2 sling "Neepo" {freeze, rN+ Str+3} stops glowing.
i - a +4 whip (weapon)
Unknown command.
Unknown command.
You hit the ice beast.
The ice beast is severely wounded.
The ice beast hits you but does no damage.
Unknown command.
You hit the ice beast.
Your tail-slap misses the ice beast.
The ice beast is almost dead.
The ice beast hits you but does no damage. x2
Unknown command.
You closely miss the ice beast.
The ice beast is almost dead.
The ice beast barely misses you.
Unknown command.
You hit the ice beast but do no damage.
The ice beast is almost dead.
The ice beast barely misses you.
Unknown command.
You hit the ice beast but do no damage.
You tail-slap the ice beast, but do no damage.
The ice beast is almost dead.
The ice beast hits you but does no damage.
Unknown command.
You barely miss the ice beast.
The ice beast is almost dead.
The ice beast hits you.
* * * LOW HITPOINT WARNING * * *
The ice beast freezes you!
You feel yourself slow down.
You die...

### ### ... ..#
.. #.# #.# #.#
#.# #.# #.# #.#
#.# #.#
#Y######.# #.#
### #@.......#
#.#...
########.###.#.#
#...........#
#.#######'###+#
#.######.......
.......'.......
#.######.......
#.......#......
..######.#######


You could see an ice beast.

Vanquished Creatures
  An ogre (D:4)
  A black bear (D:4)
  A phantom (D:4)
  2 kobold brigands (Sewer)
  A scorpion (D:4)
  A hound (D:2)
  A jelly (D:4)
  An iguana (D:4)
  A sleepcap (D:4)
  A gnoll bouda (D:4)
  11 gnolls
  6 adders
  A river rat (Sewer)
  2 worms
  3 dart slugs
  An orc (D:2)
  3 bats
  9 endoplasms
  4 giant cockroaches
  8 goblins
  4 hobgoblins
  7 jackals
  A quokka (D:1)
  10 ball pythons
  2 frilled lizards (D:2)
  6 kobolds
  11 rats
100 creatures vanquished.

Notes
Turn   | Place    | Note
-------+----------+-------------------------------------------
     0 | D:1      | pkoi the Draconian Ice Elementalist began the quest for the
                  | Orb.
     0 | D:1      | Reached XP level 1. HP: 14/14 MP: 3/3
    98 | D:1      | Reached XP level 2. HP: 7/20 MP: 0/5
   507 | D:1      | Reached skill level 5 in Ice Magic
   619 | D:1      | You fall into a shaft and drop 1 floor!
   666 | D:2      | Reached XP level 3. HP: 26/26 MP: 6/6
   933 | D:1      | Found Adudiss's Antique Weapon Boutique.
  1194 | D:2      | Reached XP level 4. HP: 18/33 MP: 7/7
  1577 | D:2      | Found Ixtyoluydu's Distillery.
  1644 | D:2      | Found a faded altar of an unknown god.
  1872 | D:2      | Learned a level 3 spell: Frozen Ramparts
  1876 | D:2      | Learned a level 3 spell: Ozocubu's Armour
  2127 | D:2      | Bought a potion of curing for 36 gold pieces
  2392 | D:3      | Reached skill level 1 in Ranged Weapons
  2392 | D:3      | Reached skill level 6 in Ice Magic
  2547 | D:3      | Reached XP level 5. HP: 26/38 MP: 4/8
  2841 | D:4      | Noticed a black bear
  2935 | D:4      | Found a glowing drain.
  2943 | Sewer    | Entered a sewer
  3276 | Sewer    | Reached XP level 6. HP: 34/45 MP: 2/9
  3696 | D:4      | Reached skill level 7 in Ice Magic
  3923 | D:4      | Your scales start taking on a pale cyan-grey colour.
  3923 | D:4      | Reached XP level 7. HP: 36/50 MP: 4/10
  3923 | D:4      | Gained mutation: You are immune to the effects of steam.
                  | [Pale Draconian growth]
  4649 | D:1      | Bought an ancient sling for 123 gold pieces
  4649 | D:1      | Identified the +2 sling "Neepo" {freeze, rN+ Str+3} (You
                  | bought it in a shop on level 1 of the Dungeon)
  4871 | D:4      | Found Efun's CLEARANCE SALE!.
  5006 | D:5      | Entered Level 5 of the Dungeon
  5074 | D:5      | Slain by an ice beast

Illustrated notes

Levels and vault maps discovered:
D:1:      amcnicky_arrival_gap_in_the_tavern_cellar, layout_rooms, serial_shops,
          shop
D:2:      layout_basic, shapermc_ecumenical_altar_gd, serial_shops,
          nicolae_shop_peninsula
D:3:      layout_basic
D:4:      layout_basic, portal_sewer_entry_e, nicolae_shop_clearance
D:5:      layout_basic, lemuel_doored_altar, minmay_temple_entry_tees,
          grunt_decor_resistance

Skill      XL: |  1  2  3  4  5  6  7 |
---------------+----------------------+-----
Ice Magic      | 5 6 7 |  7.8
Ranged Weapons | 1 2 3 4 |  4.4
Dodging        | |  1.7
Stealth        | |  1.7
Spellcasting   | |  2.9

Action                     |  1- 3 |  4- 6 |  7- 9 || total
---------------------------+-------+-------+-------++-------
  Melee: Unarmed           |    16 |       |       ||    16
         Tailslap          |     4 |     2 |     1 ||     7
         Whip              |    39 |    12 |     6 ||    57
         Punch             |     1 |       |       ||     1
   Fire: Sling             |       |    89 |    71 ||   160
   Cast: Freeze            |    32 |    15 |     1 ||    48
         Frozen Ramparts   |       |    17 |    10 ||    27
         Ozocubu's Armour  |       |     1 |     1 ||     2
Ability: Breathe Steam     |       |       |     1 ||     1
    Use: Scroll            |     4 |     6 |       ||    10
 Armour: Skin              |    28 |    16 |     9 ||    53
  Dodge: Dodged            |    44 |    36 |    28 ||   108
